[ AOE2 MATCH · #513868060 ]
UnrankedBengalis vs Civ #61
Player's team · LOSS
Rival team · WIN
[ REPLAY ANALYSIS · EXTRACTED FROM THE RECORDED GAME ]
Feudal
10:07
Castle
—
Imperial
—
| APM avg | 77.3 |
| APM peak | 117 |
| eAPM avg | 31.3 |
| Villagers / military | 54 / 9 |
Focus
⚔️ 49.0% · 🌾 51.0%
Scout Cavalry ×5 · Spearman ×4
Feudal
14:18
Castle
—
Imperial
—
| APM avg | 66.6 |
| APM peak | 116 |
| eAPM avg | 30.9 |
| Villagers / military | 73 / 43 |
Focus
⚔️ 44.8% · 🌾 55.2%
Scout Cavalry ×35 · Militia ×5 · Spearman ×3
Match map
Initial resources + every placement click. Lines = walls · curves = elevation contours. ◆ gold · ⬟ stone · ● berries · ✦ relic · ◌ wall gap
Your base· Open — unwalled flank
OS+ | NeoZz's base· Open — unwalled flank
Smoothed initial terrain · ◌ = detected wall gap · hover for details
Inputs per minute
— DGHIR | chanchilaru - - OS+ | NeoZz
Build order — DGHIR | chanchilaru
116 actions detected in the replay
| 0:00 | Queue | Villager (Male) |
| 0:00 | Queue | Villager (Male) |
| 0:01 | Queue | Villager (Male) |
| 0:01 | Queue | Villager (Male) |
| 0:02 | Build | House |
| 0:03 | Build | House |
| 1:41 | Queue | Villager (Male) |
| 1:41 | Queue | Villager (Male) |
| 1:59 | Queue | Villager (Male) |
| 2:00 | Queue | Villager (Male) |
| 2:25 | Queue | Villager (Male) |
| 2:25 | Queue | Villager (Male) |
| 2:45 | Queue | Villager (Male) |
| 2:46 | Queue | Villager (Male) |
| 2:51 | Build | Lumber Camp |
| 3:03 | Queue | Villager (Male) |
| 3:03 | Queue | Villager (Male) |
| 3:34 | Build | House |
| 3:44 | Build | House |
| 4:19 | Queue | Villager (Male) |
| 4:20 | Queue | Villager (Male) |
| 4:20 | Queue | Villager (Male) |
| 4:47 | Queue | Villager (Male) |
| 4:47 | Queue | Villager (Male) |
| 4:52 | Build | House |
| 5:26 | Build | Mill |
| 5:39 | Queue | Villager (Male) |
| 5:39 | Queue | Villager (Male) |
| 6:11 | Queue | Villager (Male) |
| 6:25 | Build | Farm |
| 6:51 | Queue | Villager (Male) |
| 7:13 | Research | Loom |
| 7:57 | Research | Feudal Age |
| 7:57 | Research | Feudal Age |
| 8:20 | Build | Palisade Gate |
| 8:47 | Queue | Villager (Male) |
| 8:47 | Queue | Villager (Male) |
| 9:26 | Queue | Villager (Male) |
| 9:26 | Queue | Villager (Male) |
| 9:37 | Build | Barracks |
| 9:49 | Build | Palisade Wall |
| 9:51 | Build | Palisade Wall |
| 9:56 | Build | Palisade Wall |
| 10:07 | Age | Feudal Age |
| 10:22 | Build | Stable |
| 10:56 | Queue | Scout Cavalry |
| 10:56 | Queue | Scout Cavalry |
| 10:57 | Build | House |
| 11:02 | Queue | Villager (Male) |
| 11:16 | Queue | Villager (Male) |
| 11:16 | Queue | Villager (Male) |
| 11:18 | Build | Farm |
| 12:11 | Queue | Scout Cavalry |
| 12:18 | Queue | Villager (Male) |
| 12:22 | Build | Lumber Camp |
| 12:27 | Queue | Villager (Male) |
| 12:36 | Build | House |
| 12:47 | Build | Farm |
| 12:48 | Build | Farm |
| 12:52 | Queue | Scout Cavalry |
| 13:01 | Build | Farm |
| 13:02 | Queue | Villager (Male) |
| 13:02 | Queue | Villager (Male) |
| 13:24 | Build | Farm |
| 13:26 | Build | Farm |
| 13:29 | Queue | Villager (Male) |
| 13:29 | Queue | Villager (Male) |
| 13:47 | Queue | Villager (Male) |
| 13:48 | Build | Farm |
| 14:07 | Queue | Villager (Male) |
| 14:07 | Queue | Villager (Male) |
| 14:09 | Build | Farm |
| 14:18 | Queue | Villager (Male) |
| 14:30 | Build | Farm |
| 14:31 | Build | Farm |
| 14:39 | Build | House |
| 14:48 | Queue | Villager (Male) |
| 14:49 | Queue | Villager (Male) |
| 15:14 | Queue | Scout Cavalry |
| 15:17 | Queue | Villager (Male) |
| 15:18 | Build | Farm |
| 15:22 | Build | House |
| 15:23 | Build | House |
| 15:40 | Queue | Villager (Male) |
| 15:42 | Build | Farm |
| 15:43 | Build | Farm |
| 15:43 | Build | Farm |
| 16:03 | Queue | Villager (Male) |
| 16:21 | Queue | Villager (Male) |
| 16:25 | Build | Blacksmith |
| 16:31 | Queue | Villager (Male) |
| 16:36 | Build | Outpost |
| 16:44 | Queue | Villager (Male) |
| 17:13 | Build | Farm |
| 17:35 | Build | Farm |
| 17:39 | Build | Outpost |
| 18:13 | Queue | Villager (Male) |
| 18:14 | Build | Farm |
| 18:15 | Build | Farm |
| 18:16 | Build | Farm |
| 18:32 | Build | Mining Camp |
| 18:38 | Queue | Villager (Male) |
| 18:38 | Queue | Villager (Male) |
| 18:39 | Queue | Villager (Male) |
| 18:53 | Build | Market |
| 19:20 | Build | House |
| 19:25 | Queue | Spearman |
| 19:26 | Queue | Spearman |
| 20:04 | Build | Palisade Wall |
| 20:06 | Build | Palisade Wall |
| 20:21 | Queue | Villager (Male) |
| 20:32 | Research | Castle Age |
| 20:32 | Research | Castle Age |
| 20:35 | Queue | Villager (Male) |
| 21:17 | Queue | Spearman |
| 21:17 | Queue | Spearman |
Build order — OS+ | NeoZz
First 150 of 239 actions detected
| 0:01 | Queue | Villager (Male) |
| 0:01 | Queue | Villager (Male) |
| 0:02 | Build | House |
| 0:03 | Build | House |
| 0:10 | Queue | Villager (Male) |
| 0:15 | Queue | Villager (Male) |
| 1:36 | Queue | Villager (Male) |
| 2:03 | Build | House |
| 2:06 | Queue | Villager (Male) |
| 2:06 | Queue | Villager (Male) |
| 2:21 | Queue | Villager (Male) |
| 2:21 | Queue | Villager (Male) |
| 2:47 | Queue | Villager (Male) |
| 3:14 | Queue | Villager (Male) |
| 3:15 | Build | Palisade Wall |
| 3:16 | Build | Palisade Wall |
| 3:17 | Build | Palisade Wall |
| 3:19 | Build | Palisade Wall |
| 3:39 | Queue | Villager (Male) |
| 3:39 | Queue | Villager (Male) |
| 4:02 | Queue | Villager (Male) |
| 4:24 | Build | Barracks |
| 4:29 | Queue | Villager (Male) |
| 4:30 | Queue | Villager (Male) |
| 4:39 | Queue | Villager (Male) |
| 4:47 | Build | House |
| 5:21 | Queue | Militia |
| 5:34 | Queue | Militia |
| 5:35 | Queue | Villager (Male) |
| 5:38 | Build | House |
| 5:48 | Queue | Villager (Male) |
| 5:48 | Queue | Villager (Male) |
| 6:00 | Queue | Militia |
| 6:12 | Build | Mill |
| 6:15 | Queue | Militia |
| 6:15 | Queue | Militia |
| 6:36 | Queue | Villager (Male) |
| 7:06 | Queue | Villager (Male) |
| 7:07 | Queue | Villager (Male) |
| 7:10 | Build | Lumber Camp |
| 7:20 | Queue | Villager (Male) |
| 7:21 | Queue | Villager (Male) |
| 7:56 | Queue | Villager (Male) |
| 7:57 | Queue | Villager (Male) |
| 8:06 | Build | Palisade Wall |
| 8:07 | Build | Palisade Wall |
| 8:07 | Build | Palisade Wall |
| 8:10 | Queue | Villager (Male) |
| 8:19 | Build | Palisade Wall |
| 8:27 | Build | Palisade Wall |
| 8:38 | Build | House |
| 8:45 | Queue | Villager (Male) |
| 8:45 | Queue | Villager (Male) |
| 8:56 | Build | Farm |
| 9:24 | Build | Farm |
| 9:25 | Build | Farm |
| 9:29 | Build | Farm |
| 9:30 | Build | Farm |
| 9:32 | Queue | Villager (Male) |
| 9:46 | Build | Palisade Wall |
| 9:46 | Build | Palisade Wall |
| 9:47 | Build | Palisade Wall |
| 9:47 | Build | Palisade Wall |
| 9:48 | Build | Palisade Wall |
| 9:48 | Build | Palisade Wall |
| 9:48 | Build | Palisade Wall |
| 9:49 | Build | Palisade Wall |
| 9:49 | Build | Palisade Wall |
| 9:49 | Build | Palisade Wall |
| 9:49 | Build | Palisade Wall |
| 9:49 | Build | Palisade Wall |
| 9:50 | Build | Palisade Wall |
| 9:50 | Build | Palisade Wall |
| 9:52 | Queue | Villager (Male) |
| 9:52 | Queue | Villager (Male) |
| 9:54 | Build | Farm |
| 10:12 | Queue | Villager (Male) |
| 10:12 | Research | Loom |
| 10:22 | Build | Farm |
| 10:26 | Build | House |
| 10:36 | Queue | Villager (Male) |
| 10:38 | Build | Mill |
| 10:52 | Queue | Villager (Male) |
| 10:58 | Build | Farm |
| 11:18 | Build | Farm |
| 12:08 | Research | Feudal Age |
| 12:08 | Research | Feudal Age |
| 12:19 | Build | Mining Camp |
| 12:42 | Build | Farm |
| 12:42 | Queue | Villager (Male) |
| 12:45 | Build | Palisade Wall |
| 12:45 | Build | Palisade Wall |
| 12:46 | Build | Palisade Wall |
| 12:46 | Build | Palisade Wall |
| 12:48 | Build | Palisade Wall |
| 12:49 | Build | Palisade Wall |
| 12:50 | Build | Palisade Wall |
| 12:52 | Queue | Villager (Male) |
| 12:56 | Queue | Villager (Male) |
| 12:57 | Build | Palisade Wall |
| 12:58 | Build | Palisade Wall |
| 12:58 | Build | Palisade Wall |
| 12:59 | Build | Palisade Wall |
| 13:00 | Build | Palisade Wall |
| 13:01 | Build | Palisade Wall |
| 13:03 | Build | Palisade Wall |
| 13:04 | Build | Palisade Wall |
| 13:04 | Build | Palisade Wall |
| 13:05 | Build | Palisade Wall |
| 13:08 | Build | Palisade Wall |
| 13:09 | Queue | Villager (Male) |
| 13:11 | Build | Palisade Wall |
| 13:11 | Build | Palisade Wall |
| 13:15 | Queue | Villager (Male) |
| 13:17 | Queue | Villager (Male) |
| 13:28 | Build | Farm |
| 13:30 | Build | Farm |
| 13:31 | Build | Farm |
| 13:32 | Queue | Villager (Male) |
| 13:48 | Build | House |
| 14:18 | Age | Feudal Age |
| 14:24 | Build | Stable |
| 14:32 | Queue | Villager (Male) |
| 14:43 | Research | Horse Collar |
| 14:44 | Research | Horse Collar |
| 14:53 | Research | Double-Bit Axe |
| 14:53 | Research | Double-Bit Axe |
| 14:59 | Queue | Villager (Male) |
| 15:14 | Build | Farm |
| 15:15 | Queue | Scout Cavalry |
| 15:15 | Queue | Scout Cavalry |
| 15:18 | Queue | Scout Cavalry |
| 15:21 | Queue | Villager (Male) |
| 15:24 | Queue | Villager (Male) |
| 15:40 | Queue | Spearman |
| 15:47 | Build | Farm |
| 15:49 | Queue | Scout Cavalry |
| 15:51 | Queue | Spearman |
| 15:52 | Queue | Villager (Male) |
| 16:03 | Build | Farm |
| 16:07 | Queue | Villager (Male) |
| 16:14 | Build | House |
| 16:15 | Queue | Scout Cavalry |
| 16:22 | Queue | Spearman |
| 16:29 | Build | Farm |
| 16:33 | Queue | Scout Cavalry |
| 16:38 | Queue | Villager (Male) |
| 16:54 | Queue | Scout Cavalry |
| 16:55 | Queue | Villager (Male) |
| 17:03 | Queue | Villager (Male) |
Match timeline
| 3:15 | OS+ | NeoZz · wall_segment Palisade Wall x1 |
| 3:16 | OS+ | NeoZz · wall_segment Palisade Wall x1 |
| 3:17 | OS+ | NeoZz · wall_segment Palisade Wall x1 |
| 3:19 | OS+ | NeoZz · wall_segment Palisade Wall x1 |
| 4:24 | OS+ | NeoZz · first_building Barracks |
| 8:06 | OS+ | NeoZz · wall_segment Palisade Wall x1 |
| 8:07 | OS+ | NeoZz · wall_segment Palisade Wall x1 |
| 8:07 | OS+ | NeoZz · wall_segment Palisade Wall x1 |
| 8:19 | OS+ | NeoZz · wall_segment Palisade Wall x1 |
| 8:27 | OS+ | NeoZz · wall_segment Palisade Wall x1 |
| 9:37 | DGHIR | chanchilaru · first_building Barracks |
| 9:46 | OS+ | NeoZz · wall_segment Palisade Wall x1 |
| 9:46 | OS+ | NeoZz · wall_segment Palisade Wall x1 |
| 9:47 | OS+ | NeoZz · wall_segment Palisade Wall x1 |
| 9:47 | OS+ | NeoZz · wall_segment Palisade Wall x1 |
| 9:48 | OS+ | NeoZz · wall_segment Palisade Wall x1 |
| 9:48 | OS+ | NeoZz · wall_segment Palisade Wall x2 |
| 9:48 | OS+ | NeoZz · wall_segment Palisade Wall x1 |
| 9:49 | OS+ | NeoZz · wall_segment Palisade Wall x1 |
| 9:49 | OS+ | NeoZz · wall_segment Palisade Wall x1 |
| 9:49 | OS+ | NeoZz · wall_segment Palisade Wall x1 |
| 9:49 | OS+ | NeoZz · wall_segment Palisade Wall x1 |
| 9:49 | DGHIR | chanchilaru · wall_segment Palisade Wall x1 |
| 9:49 | OS+ | NeoZz · wall_segment Palisade Wall x1 |
| 9:50 | OS+ | NeoZz · wall_segment Palisade Wall x1 |
| 9:50 | OS+ | NeoZz · wall_segment Palisade Wall x1 |
| 9:51 | DGHIR | chanchilaru · wall_segment Palisade Wall x1 |
| 9:56 | DGHIR | chanchilaru · wall_segment Palisade Wall x1 |
| 10:07 | DGHIR | chanchilaru · age_up feudal |
| 10:22 | DGHIR | chanchilaru · first_building Stable |
| 12:45 | OS+ | NeoZz · wall_segment Palisade Wall x1 |
| 12:45 | OS+ | NeoZz · wall_segment Palisade Wall x1 |
| 12:46 | OS+ | NeoZz · wall_segment Palisade Wall x1 |
| 12:46 | OS+ | NeoZz · wall_segment Palisade Wall x1 |
| 12:48 | OS+ | NeoZz · wall_segment Palisade Wall x1 |
| 12:49 | OS+ | NeoZz · wall_segment Palisade Wall x1 |
| 12:50 | OS+ | NeoZz · wall_segment Palisade Wall x1 |
| 12:57 | OS+ | NeoZz · wall_segment Palisade Wall x1 |
| 12:58 | OS+ | NeoZz · wall_segment Palisade Wall x1 |
| 12:58 | OS+ | NeoZz · wall_segment Palisade Wall x1 |
| 12:59 | OS+ | NeoZz · wall_segment Palisade Wall x1 |
| 13:00 | OS+ | NeoZz · wall_segment Palisade Wall x1 |
| 13:01 | OS+ | NeoZz · wall_segment Palisade Wall x1 |
| 13:03 | OS+ | NeoZz · wall_segment Palisade Wall x1 |
| 13:04 | OS+ | NeoZz · wall_segment Palisade Wall x1 |
| 13:04 | OS+ | NeoZz · wall_segment Palisade Wall x1 |
| 13:05 | OS+ | NeoZz · wall_segment Palisade Wall x1 |
| 13:08 | OS+ | NeoZz · wall_segment Palisade Wall x1 |
| 13:11 | OS+ | NeoZz · wall_segment Palisade Wall x1 |
| 13:11 | OS+ | NeoZz · wall_segment Palisade Wall x1 |
| 14:18 | OS+ | NeoZz · age_up feudal |
| 14:24 | OS+ | NeoZz · first_building Stable |
| 19:39 | OS+ | NeoZz · wall_segment Palisade Wall x1 |
| 19:39 | OS+ | NeoZz · wall_segment Palisade Wall x1 |
| 19:40 | OS+ | NeoZz · wall_segment Palisade Wall x1 |
| 20:04 | DGHIR | chanchilaru · wall_segment Palisade Wall x2 |
| 20:06 | DGHIR | chanchilaru · wall_segment Palisade Wall x1 |
| 20:31 | DGHIR | chanchilaru · first_market_sell 100 food |
| 22:43 | DGHIR | chanchilaru · resign |
[ AI ANALYSIS · 1 CREDIT ]
What really happened in this match?
Wolo.gg analyzes every decision: build order, eco, micro, common mistakes by bracket. Personalized analysis on WhatsApp or Discord in 30 seconds.
Civ guide
Bengalis
Perfil
Jugador #557273